 Dungeon Crawl Stone Soup version 0.27.1-33-g824d729ab1 (webtiles) character file.

Game seed: 3437383481140157447

146 lordive the Insei (level 5, -13/37 HPs)
             Began as a Demonspawn Transmuter on Dec 27, 2021.
             Mangled by a wyvern zombie (15 damage)
             ... on level 4 of the Dungeon.
             The game lasted 00:04:19 (3465 turns).

lordive the Insei (Demonspawn Transmuter)           Turns: 3465, Time: 00:04:20

Health: -13/37     AC:  2    Str: 11    XL:     5   Next: 7%
Magic:  8/8        EV: 16    Int: 15    God:
Gold:   43         SH:  0    Dex: 13    Spells: 5/9 levels left

rFire    . . .     SeeInvis .     - Unarmed
rCold    . . .     Faith    .   (no shield)
rNeg     . . .     Spirit   .   a - +0 robe
rPois    .         Reflect  .   (helmet currently unavailable)
rElec    .         Harm     .   m - scarf {shadows}
rCorr    .         Rampage  .   (no gloves)
Will     .....                  (boots currently unavailable)
Stlth    +.........             k - amulet of regeneration
HPRegen  1.12/turn              n - +4 ring of evasion
MPRegen  0.11/turn              (no ring)

@: brilliant, appendages (expiring)
A: horns 2, talons 2, claws 1, spiny 1
a: End Transformation


You were on level 4 of the Dungeon.
You had temporarily grown beastly horns and talons.
You visited 1 branch of the dungeon, and saw 4 of its levels.

You collected 43 gold pieces.

Inventory:

Armour
 a - a +0 robe (worn)
 m - a scarf of shadows (worn)
 q - a +0 pair of boots (melded)
Jewellery
 k - an amulet of regeneration (around neck)
 n - a +4 ring of evasion (left claw)
 o - a ring of ice
Scrolls
 f - a scroll of torment {unknown}
 g - 2 scrolls of holy word {unknown}
 h - 7 scrolls of enchant weapon {unknown}
 i - 2 scrolls of teleportation {unknown}
 l - a scroll of noise {unknown}
 p - 3 scrolls of identify {unknown}
Potions
 b - a potion of brilliance
 c - a potion of ambrosia {unknown}
 d - a potion of berserk rage {unknown}
 e - a potion of attraction {unknown}
 j - 2 potions of curing {unknown}
 r - a potion of invisibility {unknown}


   Skills:
 + Level 1.0 Fighting
 + Level 2.5 Dodging
 + Level 0.3 Stealth
 + Level 3.8 Unarmed Combat
 + Level 2.6 Spellcasting
 * Level 2.8 Transmutations


You had 5 spell levels left.
You knew the following spells:

 Your Spells              Type           Power      Damage    Failure   Level
a - Beastly Appendage     Tmut           30%        N/A       6%          1
b - Spider Form           Tmut/Pois      4%         N/A       34%         3

Your spell library contained the following spells:

 Spells                   Type           Power      Damage    Failure   Level
 Wereblood                Tmut           15%        N/A       10%         2
 Dazzling Flash           Conj/Hex       4%         N/A       54%         3
 Gell's Gravitas          Tloc           1%         N/A       54%         3
 Teleport Other           Tloc           2%         N/A       54%         3
 Ice Form                 Ice/Tmut       9%         N/A       75%         4
 Iskenderun's Mystic Bla  Conj/Tloc      2%         2d3       91%         4
 Dispersal                Tloc           1%         N/A       100%        6
 Starburst                Conj/Fire      1%         6d3       100%        6


Dungeon Overview and Level Annotations

Branches:
Dungeon (4/15)
 Temple: D:4-7

Altars:
Ashenzari

Shops:
D:4 [


Innate Abilities, Weirdness & Mutations

You have temporarily grown beastly horns and talons.
You have sharp fingernails.
You are partially covered in sharp spines.


Message History

The quokka is struck by your spines. The quokka completely misses you.
You barely miss the quokka.
The quokka is moderately wounded.
The wyvern zombie barely misses you. The quokka is struck by your spines.
You kill the quokka!
You scratch the wyvern zombie but do no damage.
You claw the wyvern zombie. Your headbutt misses the wyvern zombie.
The wyvern zombie is lightly damaged.
Your transformation is almost over.
The wyvern zombie bites you!
You scratch the wyvern zombie but do no damage.
The wyvern zombie is lightly damaged.
The wyvern zombie misses you.
You scratch the wyvern zombie. You headbutt the wyvern zombie.
The wyvern zombie is moderately damaged.
The wyvern zombie is struck by your spines.
The wyvern zombie bites you!
You are too injured to fight recklessly!
You are too injured to fight recklessly!
You are too injured to fight recklessly!
You are too injured to fight recklessly!
You are too injured to fight recklessly!
Found 10 gold pieces.
The wyvern zombie is struck by your spines.
The wyvern zombie bites you!
* * * LOW HITPOINT WARNING * * *
The wyvern zombie completely misses you.
The wyvern zombie misses you.
You scratch the wyvern zombie. You claw the wyvern zombie.
The wyvern zombie is severely damaged.
The wyvern zombie barely misses you.
You scratch the wyvern zombie.
The wyvern zombie is severely damaged.
The wyvern zombie bites you!
* * * LOW HITPOINT WARNING * * *
The wyvern zombie closely misses you.
It was a potion of brilliance.
You feel clever all of a sudden. The wyvern zombie bites you!
You die...

.# .# #.. .# ... #+##
.# #.# #...## ## #.####
##.....# ## #.##.##
##.......
.#####.#...####........
..............'Z.......
.#####.#...####.@......
.# #.##)## ##.....$. .#
#.#### ##...<.# .# ...
#...## .# ... #+## ##
#..## # # #


You could see a wyvern zombie.

Vanquished Creatures
  A hound (D:3)
  Ijyb (D:3)
  2 adders
  2 worms
  4 dart slugs
  3 orcs
  5 endoplasms
  2 giant cockroaches
  7 goblins
  6 hobgoblins
  4 jackals
  4 quokkas
  5 ball pythons
  2 frilled lizards
  7 kobolds
  4 rats
59 creatures vanquished.

Notes
Turn   | Place    | Note
-------+----------+-------------------------------------------
     0 | D:1      | lordive the Demonspawn Transmuter began the quest for the
                  | Orb.
     0 | D:1      | Reached XP level 1. HP: 15/15 MP: 3/3
   503 | D:1      | Gained mutation: You are partially covered in sharp spines.
                  | [demonic ancestry]
   503 | D:1      | Reached XP level 2. HP: 9/21 MP: 3/5
   503 | D:1      | Found a faded altar of an unknown god.
   890 | D:1      | Reached skill level 3 in Unarmed Combat
  1208 | D:2      | Reached XP level 3. HP: 18/26 MP: 4/6
  2288 | D:3      | Reached XP level 4. HP: 12/32 MP: 5/7
  2593 | D:3      | Found a broken altar of Ashenzari.
  2699 | D:3      | Noticed Ijyb
  2725 | D:3      | Killed Ijyb
  2951 | D:4      | Learned a level 3 spell: Spider Form
  3127 | D:4      | Gained mutation: You have sharp fingernails. [demonic
                  | ancestry]
  3127 | D:4      | Reached XP level 5. HP: 37/37 MP: 6/8
  3286 | D:4      | Found Myrhani's Antique Armour Shop.
  3464 | D:4      | HP: 1/37 [wyvern zombie (11)]
  3465 | D:4      | Mangled by a wyvern zombie

Illustrated notes

Levels and vault maps discovered:
D:1:      erik_arrival_orb_chamber, layout_basic,
          shapermc_ecumenical_altar_venn, serial_curves, eino_curves_02,
          eino_curves_01, eino_curves_04
D:2:      layout_rooms
D:3:      layout_rooms, cheibrodos_ashenzari_chains, uniq_ijyb
D:4:      layout_loops_corners, gammafunk_temple_overflow_wave, serial_shops,
          nicolae_shop_temple_entry_statues_fountains, uniq_crazy_yiuf_cottage

Skill      XL: |  1  2 |
---------------+-------+-----
Transmutations | 2 |  2.8
Unarmed Combat | 3 |  3.8
Dodging        | 2 |  2.5
Fighting       | |  1.0
Stealth        | |  0.3
Spellcasting   | |  2.6

Action                   |  1- 3 |  4- 6 || total
-------------------------+-------+-------++-------
Melee: Unarmed           |    85 |    53 ||   138
       Kick              |    15 |    13 ||    28
       Headbutt          |     9 |     8 ||    17
       Punch             |     1 |       ||     1
 Cast: Beastly Appendage |    30 |    20 ||    50
  Use: Potion            |       |     1 ||     1
 Stab: Sleeping          |       |     1 ||     1
Armor: Robe              |     7 |     1 ||     8
Dodge: Dodged            |    24 |    35 ||    59
